 Dungeon Crawl Stone Soup version 0.30-b1-2-g02819fbbbe (webtiles) character file.

Game seed: 16079807128598546504

227 manyhoops the Digger (level 5, -10/45 HPs)
             Began as a Demigod Earth Elementalist on Dec 1, 2023.
             Mangled by Menkaure (19 damage)
             ... on level 4 of the Dungeon.
             The game lasted 00:03:49 (3186 turns).

manyhoops the Digger (Demigod Earth Elementalist)   Turns: 3186, Time: 00:03:50

Health: -10/45     AC:  3    Str:  9    XL:     5   Next: 42%
Magic:  9/12       EV: 12    Int: 27    God:
Gold:   197        SH:  5    Dex: 14    Spells: 3/9 levels left

rFire   . . .        m - +0 mace
rCold   . . .        (no shield)
rNeg    . . .        a - +0 robe
rPois   .            r - +0 helmet
rElec   .            (no cloak)
rCorr   .            (no gloves)
SInv    .            (no boots)
Will    .....        d - amulet of reflection
Stlth   ++           u - +6 ring of intelligence
HPRegen 0.27/turn    (no ring)
MPRegen 0.13/turn

%: reflection
@: no status effects
A: high MP 1, forlorn, divine attributes
a: no special abilities


You were on level 4 of the Dungeon.
You visited 1 branch of the dungeon, and saw 4 of its levels.
You also visited: Sewer.

You collected 197 gold pieces.

Inventory:

Hand Weapons
 m - a +0 mace (weapon)
Armour
 a - a +0 robe (worn)
 r - a +0 helmet (worn)
Jewellery
 d - an amulet of reflection (around neck)
 e - a ring of fire
 u - a +6 ring of intelligence (left hand)
Scrolls
 c - a scroll of immolation
 f - 4 scrolls of teleportation
 g - a scroll of noise
 n - a scroll of fear
 p - a scroll of blinking {unknown}
 q - a scroll of enchant weapon {unknown}
 s - a scroll of vulnerability {unknown}
 t - a scroll of brand weapon {unknown}
 y - a scroll of magic mapping {unknown}
Potions
 b - 2 potions of magic
 h - a potion of flight {unknown}
 i - a potion of attraction {unknown}
 j - a potion of lignification
 k - a potion of resistance {unknown}
 l - a potion of haste {unknown}
 o - 3 potions of curing
 v - a potion of berserk rage
 w - a potion of cancellation {unknown}
 x - a potion of heal wounds {unknown}


   Skills:
 - Level 3.3 Fighting
 - Level 1.7 Dodging
 + Level 1.8 Stealth
 - Level 2.8 Spellcasting
 - Level 0.8 Transmutations
 - Level 3.8 Earth Magic


You had 3 spell levels left.
You knew the following spells:

 Your Spells              Type           Power      Damage    Failure   Level
a - Sandblast             Erth           48%        2d12      1%          1
b - Passwall              Tmut/Erth      13%        N/A       4%          2
c - Stone Arrow           Conj/Erth      28%        3d8       12%         3

Your spell library contained the following spells:

 Spells                   Type           Power      Damage    Failure   Level
 Kiss of Death            Conj/Necr      12%        2d6       9%          1
 Necrotise                Necr           12%        1d4       9%          1
 Static Discharge         Conj/Air       6%         2-3/arc   14%         2
 Confusing Touch          Hex            3%         N/A       26%         3
 Portal Projectile        Hex/Tloc       6%         N/A       26%         3
 Tukima's Dance           Hex            3%         N/A       26%         3
 Vampiric Draining        Necr           3%         2d6       26%         3
 Petrify                  Tmut/Erth      16%        N/A       32%         4
 Airstrike                Air            1%         2d(1-17)  65%         4
 Dispel Undead            Necr           3%         3d7       65%         4
 Summon Lightning Spire   Summ/Air       3%         N/A       65%         4
 Blade Hands              Tmut           4%         N/A       87%         5
 Agony                    Necr           3%         N/A       94%         5


Dungeon Overview and Level Annotations

Branches:
Dungeon (4/15)              Sewer (visited)
 Temple: D:4-7

Annotations:
D:4 Eustachio, Menkaure, Sigmund


Innate Abilities, Weirdness & Mutations

You have an increased reservoir of magic. (+10% MP)
You shall have no god before yourself.
Your divine heritage dramatically boosts your attributes as you level up.


Message History

Menkaure shouts!
Sigmund the Dreaded comes into view.
He is wielding a +0 scythe.
Menkaure mumbles some strange words.
Menkaure seems to speed up.
You hear a shout!
What are your orders? t - Shout!
Orders for allies: a - Attack new target. r - Retreat! s - Stop attacking. g - Guard the area. f - Follow me.
Anything else - Cancel.
You shout for attention!
Casting: Sandblast (safe; 1% risk of failure)
Confirm with . or Enter, or press ? or * to list all spells.
Aiming: Sandblast (safe; 1% risk of failure)
Press: ? - help, Shift-Dir - straight line, f - Menkaure
Aim: Menkaure (fast, 92% to hit)
The blast of sand hits Menkaure!
Menkaure is severely damaged.
Menkaure hits you!! Menkaure closely misses you.
Unknown command.
Casting: Sandblast (safe; 1% risk of failure)
Confirm with . or Enter, or press ? or * to list all spells.
Aiming: Sandblast (safe; 1% risk of failure)
Press: ? - help, Shift-Dir - straight line, f/p - Menkaure
Aim: Menkaure (severely damaged, fast, 92% to hit)
The blast of sand hits Menkaure.
Menkaure is severely damaged.
Menkaure hits you!
* * * LOW HITPOINT WARNING * * *
Unknown command.
Casting: Sandblast (safe; 1% risk of failure)
Confirm with . or Enter, or press ? or * to list all spells.
Aiming: Sandblast (safe; 1% risk of failure)
Press: ? - help, Shift-Dir - straight line, f/p - Menkaure
Aim: Menkaure (severely damaged, fast, 92% to hit)
The blast of sand hits Menkaure.
Menkaure is almost destroyed.
You block Menkaure's attack. Menkaure hits you!!
You die...

#.##.# ###...##.........##..
##.##.##
#.##.###.........#...
.......#
#....##.....#........
.......# #.#### #..###..#....
.......# #.# ##....M###...
.......# #.#
#######M.....#.## ########
#.###^...........####
#########.##.M#####......####
..........##@## #..........
........####.# #......####
.............# #......# #
........###### #......####
........# #......#...
........# ######....#
........# #....# ........#
###### ........#


You could see Menkaure (fast).

Vanquished Creatures
  A water moccasin (Sewer)
  2 iguanas (D:4)
  3 worms (D:3)
  3 dart slugs
  3 ball pythons
  3 endoplasms
  4 giant cockroaches
  2 goblins
  6 hobgoblins
  4 kobolds
  6 quokkas
  15 bats
  4 frilled lizards
56 creatures vanquished.

Notes
Turn   | Place    | Note
-------+----------+-------------------------------------------
     0 | D:1      | manyhoops the Demigod Earth Elementalist began the quest
                  | for the Orb.
     0 | D:1      | Reached XP level 1. HP: 14/14 MP: 5/5
   425 | D:1      | Reached XP level 2. HP: 18/20 MP: 4/7
  1561 | D:3      | Reached XP level 3. HP: 26/26 MP: 6/9
  2209 | D:4      | Noticed Menkaure
  2306 | D:4      | Reached skill level 1 in Fighting
  2306 | D:4      | Reached XP level 4. HP: 6/35 MP: 4/11
  2445 | D:4      | Noticed Eustachio
  2472 | D:4      | Found a glowing drain.
  2489 | Sewer    | Entered a sewer
  2736 | Sewer    | Noticed a water moccasin
  2741 | Sewer    | Learned a level 2 spell: Passwall
  2745 | Sewer    | Learned a level 3 spell: Stone Arrow
  2751 | Sewer    | Killed a water moccasin
  2752 | Sewer    | Reached XP level 5. HP: 45/45 MP: 8/12
  3161 | D:4      | Noticed Sigmund
  3186 | D:4      | Mangled by Menkaure

Illustrated notes

Levels and vault maps discovered:
D:1:      pf_arrival_petrified_forest, layout_basic
D:2:      layout_rooms
D:3:      layout_basic, minmay_box_of_dots
D:4:      nicolae_cairo_tiling_large_dashed, layout_rooms, portal_sewer_entry_f,
          uniq_eustachio, uniq_menkaure, uniq_sigmund

Skill      XL: |  1  2  3  4 |
---------------+-------------+-----
Earth Magic    | 3 |  3.8
Spellcasting   | 2 |  2.8
Fighting       | 1 3 |  3.3
Dodging        | |  1.7
Stealth        | |  1.8
Transmutations | |  0.8

Action                     |  1- 3 |  4- 6 || total
---------------------------+-------+-------++-------
  Melee: Unarmed           |     1 |       ||     1
         Mace              |       |    13 ||    13
   Cast: Sandblast         |    71 |    27 ||    98
    Use: Scroll            |     4 |       ||     4
         Potion            |     1 |     1 ||     2
 Armour: Robe              |     4 |    24 ||    28
  Dodge: Dodged            |    28 |    48 ||    76
  Block: Other             |     5 |    18 ||    23
         Reflection        |     1 |       ||     1
